| TOP OF THE 1ST |
|
Louisville Bats batting - Pitching for Iowa Cubs : LHP Kyle Foster
|
|
Pitching: LHP Kyle Foster
|
|
|
Batting: RHB Danny Real
|
0-0: Foul Ball, location: 2F 0-1: Foul Ball, location: 2F 0-2: Strikes out swinging
|
|
Batting: RHB Estanislau Gosendes
|
0-0: Called Strike 0-1: Swinging Strike 0-2: Foul Ball, location: 2F 0-2: Ball 1-2: Ball 2-2: Foul Ball, location: 2F 2-2: Strikes out swinging
|
|
Batting: LHB Randy Racine
|
0-0: Called Strike 0-1: Ground out 6-3 (Groundball, 6, EV 80.0 MPH)
|
| Top of the 1st over - 0 runs, 0 hits, 0 errors, 0 left on base; Louisville 0 - Iowa 0 |
| BOTTOM OF THE 1ST |
|
Iowa Cubs batting - Pitching for Louisville Bats : LHP William Lobo
|
|
Pitching: LHP William Lobo
|
|
|
Batting: LHB Barend van der Kamp
|
0-0: Ball 1-0: Ball 2-0: Ground out 6-3 (Groundball, 6, EV 85.0 MPH)
|
|
Batting: RHB Pat Barton
|
0-0: Ball 1-0: Swinging Strike 1-1: Ground out 6-3 (Groundball, 6, EV 90.0 MPH)
|
|
Batting: SHB Seung-ho Zhang
|
0-0: Foul Ball, location: 2F 0-1: Swinging Strike 0-2: Strikes out swinging
|
| Bottom of the 1st over - 0 runs, 0 hits, 0 errors, 0 left on base; Louisville 0 - Iowa 0 |
| TOP OF THE 2ND |
|
Louisville Bats batting - Pitching for Iowa Cubs : LHP Kyle Foster
|
|
Batting: SHB Freddie Farrar
|
0-0: Ball 1-0: Fly out, F7 (Flyball, 7, EV 86.9 MPH)
|
|
Batting: RHB Jason Harris
|
0-0: Swinging Strike 0-1: Ball 1-1: Fly out, F6 (Popup, 6M, EV 62.5 MPH)
|
|
Batting: SHB Tim Utz
|
0-0: Ball 1-0: Ball 2-0: SINGLE (Groundball, 34S, EV 85.6 MPH) (infield hit)
|
|
Batting: RHB Chase Briney
|
0-0: Called Strike 0-1: Foul Ball, location: 2F 0-2: Fielders Choice at 2nd, U4 (Groundball, 4M, EV 78.8 MPH)
|
| Top of the 2nd over - 0 runs, 1 hit, 0 errors, 1 left on base; Louisville 0 - Iowa 0 |
| BOTTOM OF THE 2ND |
|
Iowa Cubs batting - Pitching for Louisville Bats : LHP William Lobo
|
|
Batting: RHB Butch Koglin
|
0-0: Ground out 6-3 (Groundball, 6, EV 105.6 MPH)
|
|
Batting: SHB Nick Chandler
|
0-0: Ball 1-0: Foul Ball, location: 2F 1-1: Ball 2-1: Swinging Strike 2-2: DOUBLE (Groundball, 3L, EV 98.1 MPH)
|
|
Batting: SHB Gerardo Flores
|
0-0: Ball 1-0: DOUBLE (Line Drive, 9LS, EV 95.0 MPH) Nick Chandler scores
|
|
Batting: LHB Rich Atterberry
|
0-0: Called Strike 0-1: Swinging Strike 0-2: Ball 1-2: Foul Ball, location: 2F 1-2: Strikes out swinging
|
|
Batting: LHB J.D. Brenner
|
0-0: Called Strike 0-1: Ball 1-1: Ball 2-1: Fly out, F8 (Flyball, 78D, EV 105.6 MPH)
|
| Bottom of the 2nd over - 1 run, 2 hits, 0 errors, 1 left on base; Louisville 0 - Iowa 1 |
| TOP OF THE 3RD |
|
Louisville Bats batting - Pitching for Iowa Cubs : LHP Kyle Foster
|
|
Batting: RHB Chris Zamora
|
0-0: Called Strike 0-1: Ball 1-1: Called Strike 1-2: Strikes out swinging
|
|
Batting: RHB Casey Truax
|
0-0: Ball 1-0: Foul Ball, location: 2F 1-1: Ball 2-1: Called Strike 2-2: Ball 3-2: Foul Ball, location: 2F 3-2: Strikes out swinging
|
|
Batting: RHB Danny Real
|
0-0: Called Strike 0-1: Ground out 5-3 (Groundball, 5, EV 103.1 MPH)
|
| Top of the 3rd over - 0 runs, 0 hits, 0 errors, 0 left on base; Louisville 0 - Iowa 1 |
| BOTTOM OF THE 3RD |
|
Iowa Cubs batting - Pitching for Louisville Bats : LHP William Lobo
|
|
Batting: LHB Jose Mojica
|
0-0: Ball 1-0: Swinging Strike 1-1: Fly out, F8 (Line Drive, 8RM, EV 101.2 MPH)
|
|
Batting: LHB Barend van der Kamp
|
0-0: Ground out 5-3 (Groundball, 56S, EV 83.8 MPH)
|
|
Batting: RHB Pat Barton
|
0-0: SINGLE (Groundball, 56D, EV 98.1 MPH)
|
|
Batting: SHB Seung-ho Zhang
|
Pickoff Throw to First - Out! 1-3
|
| Bottom of the 3rd over - 0 runs, 1 hit, 0 errors, 0 left on base; Louisville 0 - Iowa 1 |
| TOP OF THE 4TH |
|
Louisville Bats batting - Pitching for Iowa Cubs : LHP Kyle Foster
|
|
Batting: RHB Estanislau Gosendes
|
0-0: Ball 1-0: Called Strike 1-1: Foul Ball, location: 2F 1-2: Fly out, F8 (Flyball, 89D, EV 94.4 MPH)
|
|
Batting: LHB Randy Racine
|
0-0: Ball 1-0: Fly out, F1 (Line Drive, P, EV 63.1 MPH)
|
|
Batting: SHB Freddie Farrar
|
0-0: Ball 1-0: Called Strike 1-1: Fly out, F7 (Flyball, 7LS, EV 88.8 MPH)
|
| Top of the 4th over - 0 runs, 0 hits, 0 errors, 0 left on base; Louisville 0 - Iowa 1 |
| BOTTOM OF THE 4TH |
|
Iowa Cubs batting - Pitching for Louisville Bats : LHP William Lobo
|
|
Batting: SHB Seung-ho Zhang
|
0-0: Ball 1-0: Ball 2-0: SINGLE (Line Drive, 78S, EV 90.6 MPH)
|
|
Batting: RHB Butch Koglin
|
0-0: Ball 1-0: Grounds into double play, 6-4-3 (Groundball, 6, EV 88.1 MPH)
|
|
Batting: SHB Nick Chandler
|
0-0: Ball 1-0: Foul Ball, location: 2F 1-1: Fly out, F8 (Flyball, 8RS, EV 96.9 MPH)
|
| Bottom of the 4th over - 0 runs, 1 hit, 0 errors, 0 left on base; Louisville 0 - Iowa 1 |
| TOP OF THE 5TH |
|
Louisville Bats batting - Pitching for Iowa Cubs : LHP Kyle Foster
|
|
Batting: RHB Jason Harris
|
0-0: Ball 1-0: Ball 2-0: SINGLE (Groundball, 6MS, EV 66.9 MPH) (infield hit)
|
|
Batting: SHB Tim Utz
|
0-0: Ball 1-0: Ball 2-0: Swinging Strike 2-1: Fly out, F3 (Popup, 34, EV 63.8 MPH)
|
|
Batting: RHB Chase Briney
|
0-0: Foul Ball, location: 2F 0-1: SINGLE (Groundball, 6MD, EV 95.6 MPH) Jason Harris to second
|
|
Batting: RHB Chris Zamora
|
0-0: Swinging Strike 0-1: Ball 1-1: Ball 2-1: 3-RUN HOME RUN (Flyball, 7D, EV 95.6 MPH), Distance : 378 ft
|
|
Batting: RHB Casey Truax
|
0-0: Foul Ball, location: 2F 0-1: Called Strike 0-2: Ball 1-2: Foul Ball, location: 2F 1-2: Foul Ball, location: 2F 1-2: Ball 2-2: Foul Ball, location: 2F 2-2: Strikes out swinging
|
|
Batting: RHB Danny Real
|
0-0: Ball 1-0: Ball 2-0: SINGLE (Groundball, 56, EV 94.4 MPH) (infield hit)
|
|
Batting: RHB Estanislau Gosendes
|
0-0: Called Strike 0-1: Ball 1-1: Ball 2-1: Ball 3-1: Called Strike 3-2: Ground out 6-3 (Groundball, 6, EV 80.6 MPH)
|
| Top of the 5th over - 3 runs, 4 hits, 0 errors, 1 left on base; Louisville 3 - Iowa 1 |
| BOTTOM OF THE 5TH |
|
Iowa Cubs batting - Pitching for Louisville Bats : LHP William Lobo
|
|
Batting: SHB Gerardo Flores
|
0-0: Ball 1-0: Fly out, F7 (Flyball, 7D, EV 99.4 MPH)
|
|
Batting: LHB Rich Atterberry
|
0-0: Ball 1-0: Swinging Strike 1-1: Ball 2-1: Ground out 4-3 (Groundball, 34D, EV 83.8 MPH)
|
|
Batting: LHB J.D. Brenner
|
0-0: Ball 1-0: Fly out, F6 (Popup, 4MD, EV 48.8 MPH)
|
| Bottom of the 5th over - 0 runs, 0 hits, 0 errors, 0 left on base; Louisville 3 - Iowa 1 |
| TOP OF THE 6TH |
|
Louisville Bats batting - Pitching for Iowa Cubs : LHP Kyle Foster
|
|
Batting: LHB Randy Racine
|
0-0: Called Strike 0-1: Foul Ball, location: 2F 0-2: Ball 1-2: Ball 2-2: Fly out, F7 (Flyball, 7D, EV 95.6 MPH)
|
|
Batting: SHB Freddie Farrar
|
0-0: Foul Ball, location: 2F 0-1: Swinging Strike 0-2: Ball 1-2: Foul Ball, location: 2F 1-2: Strikes out swinging
|
|
Batting: RHB Jason Harris
|
0-0: Swinging Strike 0-1: Ball 1-1: Swinging Strike 1-2: Ball 2-2: Foul Ball, location: 2F 2-2: Ball 3-2: Fly out, F9 (Flyball, 9, EV 78.8 MPH)
|
| Top of the 6th over - 0 runs, 0 hits, 0 errors, 0 left on base; Louisville 3 - Iowa 1 |
| BOTTOM OF THE 6TH |
|
Iowa Cubs batting - Pitching for Louisville Bats : LHP William Lobo
|
|
Batting: LHB Jose Mojica
|
0-0: Ball 1-0: Ground out 6-3 (Groundball, 6, EV 83.1 MPH)
|
|
Batting: LHB Barend van der Kamp
|
0-0: Foul Ball, location: 2F 0-1: Swinging Strike 0-2: Strikes out swinging
|
|
Batting: RHB Pat Barton
|
0-0: Called Strike 0-1: Ball 1-1: Ground out 6-3 (Groundball, P, EV 83.1 MPH)
|
| Bottom of the 6th over - 0 runs, 0 hits, 0 errors, 0 left on base; Louisville 3 - Iowa 1 |
| TOP OF THE 7TH |
|
Louisville Bats batting - Pitching for Iowa Cubs : LHP Kyle Foster
|
|
Batting: SHB Tim Utz
|
0-0: Foul Ball, location: 2F 0-1: Swinging Strike 0-2: Ball 1-2: Ball 2-2: Reached via error on a dropped throw from 1B, E1 (Groundball, 34S, EV 81.9 MPH)
|
|
Pitching: RHP Andy Temples
|
|
|
Batting: RHB Chase Briney
|
0-0: Sac Bunt to 5S - play at first, batter OUT! 5-3 Tim Utz to second
|
|
Batting: RHB Chris Zamora
|
0-0: Called Strike 0-1: Fly out, F4 (Popup, 4, EV 63.1 MPH)
|
|
Batting: RHB Casey Truax
|
0-0: Called Strike 0-1: Ball 1-1: Foul Ball, location: 2F 1-2: Foul Ball, location: 2F 1-2: SINGLE (Line Drive, 9S, EV 93.1 MPH) Tim Utz to third
|
|
Batting: RHB Danny Real
|
0-0: Called Strike 0-1: Ball 1-1: Ball 2-1: Swinging Strike 2-2: Strikes out swinging
|
| Top of the 7th over - 0 runs, 1 hit, 1 error, 2 left on base; Louisville 3 - Iowa 1 |
| BOTTOM OF THE 7TH |
|
Iowa Cubs batting - Pitching for Louisville Bats : LHP William Lobo
|
|
Batting: SHB Seung-ho Zhang
|
0-0: DOUBLE (Line Drive, 78D, EV 111.2 MPH)
|
|
Batting: RHB Butch Koglin
|
0-0: Ball 1-0: Ball 2-0: Called Strike 2-1: Fly out, F8 (Line Drive, 8LD, EV 106.9 MPH)
|
|
Batting: SHB Nick Chandler
|
0-0: Called Strike 0-1: Called Strike 0-2: Ball 1-2: Strikes out swinging
|
|
Batting: SHB Gerardo Flores
|
0-0: Called Strike 0-1: Foul Ball, location: 2F 0-2: Ball 1-2: Foul Ball, location: 2F 1-2: Ground out 5-3 (Groundball, 5, EV 106.9 MPH)
|
| Bottom of the 7th over - 0 runs, 1 hit, 0 errors, 1 left on base; Louisville 3 - Iowa 1 |
| TOP OF THE 8TH |
|
Louisville Bats batting - Pitching for Iowa Cubs : RHP Andy Temples
|
|
Pitching: RHP Pat Stone
|
|
|
Batting: RHB Estanislau Gosendes
|
0-0: Ball 1-0: Ball 2-0: Foul Ball, location: 2F 2-1: Foul Ball, location: 2F 2-2: Strikes out swinging
|
|
Batting: LHB Randy Racine
|
0-0: Ball 1-0: Ball 2-0: Called Strike 2-1: Ball 3-1: Called Strike 3-2: Base on Balls
|
|
Batting: SHB Freddie Farrar
|
0-0: Swinging Strike Randy Racine steals 2nd base 0-1: Called Strike 0-2: Ground out U3 (Groundball, 3L, EV 76.9 MPH) Randy Racine to third
|
|
Batting: RHB Jason Harris
|
0-0: Foul Ball, location: 2F 0-1: Hit by Pitch
|
|
Batting: SHB Tim Utz
|
0-0: Ball Wild Pitch! Randy Racine scores Jason Harris to second 1-0: Called Strike 1-1: Ball 2-1: Foul Ball, location: 2F 2-2: Ball 3-2: Base on Balls
|
|
Batting: RHB Chase Briney
|
0-0: Called Strike 0-1: Ball 1-1: Ball 2-1: Foul Ball, location: 2F 2-2: Foul Ball, location: 2F 2-2: Fly out, F9 (Line Drive, 9, EV 106.9 MPH)
|
| Top of the 8th over - 1 run, 0 hits, 0 errors, 2 left on base; Louisville 4 - Iowa 1 |
| BOTTOM OF THE 8TH |
|
Iowa Cubs batting - Pitching for Louisville Bats : LHP William Lobo
|
|
Batting: LHB Rich Atterberry
|
0-0: Ball 1-0: Foul Ball, location: 2F 1-1: Ball 2-1: Foul Ball, location: 2F 2-2: Foul Ball, location: 2F 2-2: Strikes out looking
|
|
Pinch Hitting: RHB Shintaro Katsumata
|
0-0: Called Strike 0-1: Fly out, F8 (Flyball, 8RM, EV 89.4 MPH)
|
|
Pinch Hitting: RHB Peter Croston
|
0-0: Swinging Strike 0-1: Ball 1-1: Fly out, F7 (Flyball, 7LS, EV 88.1 MPH)
|
| Bottom of the 8th over - 0 runs, 0 hits, 0 errors, 0 left on base; Louisville 4 - Iowa 1 |
| TOP OF THE 9TH |
|
Louisville Bats batting - Pitching for Iowa Cubs : RHP Pat Stone
|
|
Now at SS: Shintaro Katsumata
|
|
|
Now in LF: John Criswell
|
|
|
Batting: RHB Chris Zamora
|
0-0: Foul Ball, location: 2F 0-1: Foul Ball, location: 2F 0-2: Ball 1-2: Ground out 1-3 (Groundball, 13S, EV 77.5 MPH)
|
|
Batting: RHB Casey Truax
|
0-0: Fly out, F9 (Line Drive, 9, EV 103.1 MPH)
|
|
Batting: RHB Danny Real
|
0-0: Ball 1-0: Ground out 4-3 (Groundball, 4S, EV 83.8 MPH)
|
| Top of the 9th over - 0 runs, 0 hits, 0 errors, 0 left on base; Louisville 4 - Iowa 1 |
| BOTTOM OF THE 9TH |
|
Iowa Cubs batting - Pitching for Louisville Bats : LHP William Lobo
|
|
Pitching: LHP Matt Walton
|
|
|
Batting: LHB Barend van der Kamp
|
0-0: Foul Ball, location: 2F 0-1: Foul Ball, location: 2F 0-2: Ball 1-2: Strikes out looking
|
|
Batting: RHB Pat Barton
|
0-0: Ball 1-0: Called Strike 1-1: Foul Ball, location: 2F 1-2: Ground out 5-3 (Groundball, 56, EV 102.5 MPH)
|
|
Batting: SHB Seung-ho Zhang
|
0-0: Swinging Strike 0-1: Swinging Strike 0-2: Strikes out looking
|
| Bottom of the 9th over - 0 runs, 0 hits, 0 errors, 0 left on base; Louisville 4 - Iowa 1 |
|